 Dungeon Crawl Stone Soup version 0.17-a0-2093-gc772f4b (webtiles) character file.

342 Wire the Grave Robber (level 6, 0/42 HPs)
             Began as a Mummy Necromancer on Oct 17, 2015.
             Slain by an orc
             ... wielding a +0 trident
              (4 damage)
             ... on level 4 of the Dungeon.
             The game lasted 00:38:03 (3163 turns).

Wire the Grave Robber (Mummy Necromancer)           Turns: 3163, Time: 00:38:03

Health: 0/42       AC:  8    Str: 12    XL:     6   Next: 30%
Magic:  2/12       EV: 12    Int: 16    God:
Gold:   139        SH:  0    Dex: 12    Spells: 4 memorised, 4 levels left

rFire  x . .     SeeInvis .     S - +0 dagger (protect)
rCold  + . .     Clarity  .     Z - +1 robe
rNeg   + + +     SustAt   .     (no shield)
rPois  ∞         Gourm    .     (no helmet)
rElec  .         Spirit   .     (no cloak)
rCorr  .         Warding  .     (no gloves)
rMut   .         Stasis   .     (no boots)
MR     .....                    (no amulet)
Stlth  ++........               (no ring)
                                (no ring)

@: not resistant to hostile enchantments, unstealthy
A: no food or potions, fire vulnerability, cold resistance 1, negative energy
resistance 3, torment resistance, unbreathing
a: no special abilities


You were on level 4 of the Dungeon.
You were not hungry.

You visited 1 branch of the dungeon, and saw 4 of its levels.

You collected 139 gold pieces.

Inventory:

Hand Weapons
 f - a +0 dagger
 x - a +0 mace
 z - a +0 war axe
 B - a +0 mace
 C - a cursed -3 dagger
 D - a +0 mace
 S - a +0 dagger of protection (weapon)
 T - a +0 dagger
 V - a cursed -3 mace
Missiles
 g - 19 bolts
 h - 87 stones
 n - 6 javelins of penetration (quivered)
 o - 28 poisoned needles
 r - 21 sling bullets
 A - 11 arrows
 O - 15 arrows of frost
Armour
 a - a +0 robe
 c - a +0 naga barding
 e - a +0 leather armour
 j - a +0 robe
 k - a +0 robe
 l - a +0 robe
 m - a +0 robe
 q - a +0 leather armour
 t - a +0 plate armour
 v - a +0 ring mail
 y - a +0 ring mail
 I - a +0 leather armour
 K - a +0 helmet
 L - a +0 robe
 Q - a +0 ring mail
 W - a +0 chain mail
 Y - a +0 scale mail
 Z - a +1 robe (worn)
Scrolls
 d - 3 scrolls of remove curse {unknown}
 M - a scroll of fog {unknown}
 U - a scroll of enchant weapon {unknown}
 X - a scroll of blinking {unknown}
Potions
 i - 2 potions of haste
 R - 2 potions of mutation {unknown}
Books
 b - a book of Necromancy

   Spells                             Type                      Level
   a - Pain                           Necromancy                   1
   b - Animate Skeleton               Necromancy                   1
   c - Vampiric Draining              Necromancy                   3
   d - Regeneration                   Charms/Necromancy            3
   e - Animate Dead                   Necromancy                   4
   f - Control Undead                 Necromancy                   4
Comestibles
 s - 2 bread rations
 N - a beef jerky
 P - a slice of pizza


   Skills:
 + Level 0.6 Fighting
 + Level 0.4 Short Blades
 + Level 2.3 Dodging
 + Level 1.8 Stealth
 + Level 4.2 Spellcasting
 + Level 5.6 Necromancy


You had 4 spell levels left.
You knew the following spells:

 Your Spells              Type           Power        Failure   Level  Hunger
a - Pain                  Necr           ###.         1%          1    N/A
b - Animate Skeleton      Necr           N/A          1%          1    N/A
c - Vampiric Draining     Necr           ###.......   6%          3    N/A
d - Control Undead        Necr           ###.......   17%         4    N/A

Dungeon Overview and Level Annotations

Branches:
Dungeon (4/15)
 Temple: D:4-7

Altars:

Shops:
D:4 *


Innate Abilities, Weirdness & Mutations

You do not eat or drink.
Your flesh is vulnerable to fire.
You are immune to poison.
Your flesh is cold resistant.
You are immune to negative energy.
You are immune to unholy pain and torment.
You can survive without breathing.


Message History

The worker ant is heavily wounded.
The worker ant barely misses you. The orc hits you but does no damage.
The worker ant barely misses you.
You hit the worker ant.
The worker ant is severely wounded.
The orc barely misses you. The worker ant bites you.
You closely miss the worker ant.
The worker ant is severely wounded.
The orc closely misses you. The worker ant closely misses you.
You barely miss the worker ant.
The worker ant is severely wounded.
The worker ant bites you.
* * * LOW HITPOINT WARNING * * *
The orc closely misses you.
You barely miss the worker ant.
The worker ant is severely wounded.
The worker ant bites you.
* * * LOW HITPOINT WARNING * * *
The orc hits you from afar with a trident.
You die...

.......#... .. ##'#.......
#+#####'##..#.....#
.........#..#.....#
.........#..#.....#
.........(..#.....# ###
........#.o#.....#
..#...##....#.)a.....#
..#...##...##..#@....#
..#...##...##o.#<....#
..#...#........#.....#
..#...#.....Z..#.....########
..#...#........#.............
..#...#%.).##..#....#...###.#
..'...'....###'#....#.......
..#...#........#....#...####
..##'###.......'....#...#


You could see a worker ant and an orc.

Vanquished Creatures
  2 orc priests (D:4)
  2 hounds (D:4)
  3 orc wizards (D:4)
  A worker ant (D:4)
  5 adders
  2 oozes
  2 worms (D:3)
  2 giant geckos
  13 orcs
  2 goblins
  5 hobgoblins
  2 jackals (D:3)
  3 quokkas
  A ball python skeleton (D:4)
  7 bats
  3 giant cockroaches
  2 giant newts
  7 kobolds
  5 rats
69 creatures vanquished.

Vanquished Creatures (collateral kills)
  A giant gecko (D:4)
  A hobgoblin (D:3)
  A giant newt (D:3)
3 creatures vanquished.

Vanquished Creatures (others)
  An orc wizard (D:4)
1 creature vanquished.

Grand Total: 73 creatures vanquished

Notes
Turn   | Place    | Note
--------------------------------------------------------------
     0 | D:1      | Wire the Mummy Necromancer began the quest for the Orb.
     0 | D:1      | Reached XP level 1. HP: 13/13 MP: 3/3
     6 | D:1      | Learned a level 1 spell: Animate Skeleton
   277 | D:1      | Reached XP level 2. HP: 19/19 MP: 3/5
   565 | D:1      | You fall through a shaft!
   588 | D:2      | Reached XP level 3. HP: 13/24 MP: 0/6
  1136 | D:2      | You fall through a shaft!
  1286 | D:3      | Reached XP level 4. HP: 30/30 MP: 3/8
  1303 | D:3      | Learned a level 3 spell: Vampiric Draining
  2313 | D:4      | Reached XP level 5. HP: 32/35 MP: 6/10
  2319 | D:4      | Learned a level 4 spell: Control Undead
  2368 | D:4      | Reached skill level 5 in Necromancy
  2633 | D:4      | Found Vokhlojol's General Store.
  3060 | D:4      | Reached XP level 6. HP: 31/41 MP: 3/12
  3163 | D:4      | Slain by an orc

Vault maps used:
D:1:      denvon_arrival_planthouse
D:2:      first_bread
D:4:      serial_shops, shop, minivault_5

Action                   |  1- 3 |  4- 6 || total
-------------------------+-------+-------++-------
Melee: Unarmed           |     4 |       ||     4
       Dagger            |    47 |    43 ||    90
 Cast: Pain              |    54 |    80 ||   134
       Animate Skeleton  |    11 |    15 ||    26
       Vampiric Draining |       |     4 ||     4
  Use: Scroll            |       |     5 ||     5
 Stab: Sleeping          |       |     1 ||     1
